 Dungeon Crawl Stone Soup version 0.31-a0-702-gf82c85558f (webtiles) character file.

Game seed: 7039515062850765556

114 qw the Shooter (level 4, -1/28 HPs)
             Began as a Gargoyle Hunter on Sept 8, 2023.
             Slain by an orc wizard
             ... wielding a +0 dagger
              (2 damage)
             ... on level 3 of the Dungeon.
             The game lasted 00:00:50 (1671 turns).

qw the Shooter (Gargoyle Hunter)                    Turns: 1671, Time: 00:00:50

Health: -1/28      AC:  7    Str: 14    XL:     4   Next: 97%
Magic:  4/4        EV: 11    Int: 10    God:
Gold:   116        SH:  0    Dex: 15    Spells: 3/3 levels left

rFire   . . .        Y - +0 shortbow
rCold   . . .        (shield currently unavailable)
rNeg    + + .        c - +0 leather armour
rPois   inf          (no helmet)
rElec   +            g - +0 cloak {Stlth+}
rCorr   .            (no gloves)
SInv    .            (no boots)
Will    .....        (no amulet)
Stlth   +++          h - ring of positive energy
HPRegen 0.24/turn    (no ring)
MPRegen 0.09/turn

%: no passive effects
@: no status effects
A: sickness immunity, AC +3, negative energy resistance 1, electricity
resistance, torment resistance 1, petrification resistance
a: no special abilities


You were on level 3 of the Dungeon.
You visited 1 branch of the dungeon, and saw 3 of its levels.

You collected 116 gold pieces.


Innate Abilities, Weirdness & Mutations

You are immune to sickness and miasma.
Your stone body is resilient. (AC +3)
You are immune to poison.
You resist negative energy. (rN+)
You are resistant to electric shocks. (rElec)
You are resistant to unholy torment.
You are immune to petrification.


   Skills:
 - Level 3.1 Fighting
 + Level 5.7 Ranged Weapons
 - Level 1.5 Dodging
 - Level 1.1 Stealth


You had 3 spell levels left.
You didn't know any spells.
Your spell library was empty.

Inventory:

Hand Weapons
 Y - a +0 shortbow (weapon)
Armour
 a - a +0 ring mail
 c - a +0 leather armour (worn)
 g - a +0 cloak of stealth (worn)
Jewellery
 h - a ring of positive energy (left hand)
Scrolls
 b - a scroll of identify
Potions
 e - a potion of enlightenment {unknown}
 f - a potion of curing {unknown}
 i - a potion of berserk rage {unknown}
 j - a potion of haste
 k - a potion of attraction {unknown}

Dungeon Overview and Level Annotations

Branches:
Dungeon (3/15)

Altars:


Message History

You shoot an arrow.
You hear some strange, mumbled words.
A puff of flame appears from out of thin air!
The puff of flame hits you!
1652 ||| FLEEEEING.
You hear some strange, mumbled words.
You are confused.
Something hits you but does no damage. Something hits you.
Something hits you but does no damage.
You feel less confused.
You hear some strange, mumbled words.
A magic dart appears from out of thin air!
The magic dart hits you.
1658 ||| FLEEEEING.
You hear some strange, mumbled words.
You are confused.
Something hits you but does no damage. The orc hits you but does no damage.
Something hits you. The orc barely misses you.
Something hits you but does no damage. The orc hits you but does no damage.
You feel less confused.
You hear some strange, mumbled words.
A puff of flame appears from out of thin air!
The puff of flame hits you. The orc hits you but does no damage.
You shoot an arrow. The arrow closely misses the orc.
Something hits you but does no damage. The orc closely misses you.
You shoot an arrow. The arrow barely misses the orc.
Something hits you. The orc hits you with a +0 dagger.
You shoot an arrow. The arrow hits the orc!
You kill the orc!
Something hits you but does no damage.
You shoot an arrow. Something hits you but does no damage.
You shoot an arrow. Something hits you but does no damage.
You shoot an arrow. Something hits you.
You shoot an arrow. Something hits you.
You die...

#.....####.###
##...#.......#
#.#####.##.#####.##
#..................
#######.##.#####.##
#.##.# #.##>#####.#
####)##.......#
#..@{....######
#.##.###.#
########.##.# #.#
#......#.##......
#.####.......# .##
#.# ###)#...# #####
#.# #.....###...##
#.#
#.#.(###.....#######
#.#
#....##.......##....


There were no monsters in sight!

Vanquished Creatures
  Jessica (D:3)
  An adder (D:2)
  3 worms
  5 orcs (D:3)
  5 ball pythons
  13 bats
  7 endoplasms
  2 giant cockroaches
  2 goblins (D:2)
  3 hobgoblins
  A quokka (D:1)
  8 frilled lizards
  7 kobolds
  7 rats
65 creatures vanquished.

Notes
Turn   | Place    | Note
-------+----------+-------------------------------------------
     0 | D:1      | qw the Gargoyle Hunter began the quest for the Orb.
     0 | D:1      | Reached XP level 1. HP: 12/12 MP: 1/1
     0 | D:1      | 0 ||| qw: Version: 0.3-a-76-g4403597
     0 | D:1      | 0 ||| qw: Game counter: 976
     0 | D:1      | 0 ||| qw: Melee chars always use a shield: true
     0 | D:1      | 0 ||| qw: God list: Okawaru
     0 | D:1      | 0 ||| qw: Allow faded altars: false
     0 | D:1      | 0 ||| qw: Do Orc after clearing Dungeon:15 true
     0 | D:1      | 0 ||| qw: Do second Lair branch before Depths: true
     0 | D:1      | 0 ||| qw: Lair rune preference: random
     0 | D:1      | 0 ||| qw: Goals: Normal
     0 | D:1      | 0 ||| PLANNING D:1-11
   117 | D:1      | Reached XP level 2. HP: 17/17 MP: 2/2
   504 | D:1      | 504 ||| UPGRADING to +0 cloak of stealth.
   509 | D:1      | 509 ||| UPGRADING to ring of positive energy.
   510 | D:1      | 510 ||| READING scroll labelled WATUFI BO RAU.
   511 | D:1      | 511 ||| READING scroll labelled FOOFAE VAUNEME.
   514 | D:1      | 514 ||| DROPPING scroll of butterflies.
   527 | D:2      | 527 ||| STAIRDANCE
   588 | D:2      | Reached XP level 3. HP: 21/21 MP: 3/3
   658 | D:2      | Reached skill level 5 in Ranged Weapons
  1151 | D:2      | Reached skill level 3 in Fighting
  1177 | D:2      | Reached XP level 4. HP: 28/28 MP: 4/4
  1316 | D:2      | 1316 ||| READING scroll labelled DOIMEHI MOHONN.
  1317 | D:2      | 1317 ||| READING 3 scrolls labelled KUOSEO DEIH.
  1318 | D:2      | 1318 ||| DRINKING 2 ruby potions.
  1319 | D:2      | 1319 ||| READING 2 scrolls of identify.
  1319 | D:2      | 1319 ||| IDENTIFYING murky blue potion
  1320 | D:2      | 1320 ||| DROPPING potion of ambrosia.
  1328 | D:3      | Noticed Jessica
  1332 | D:3      | Killed Jessica
  1636 | D:3      | 1636 ||| FLEEEEING.
  1637 | D:3      | 1637 ||| FLEEEEING.
  1638 | D:3      | 1638 ||| FLEEEEING.
  1639 | D:3      | 1639 ||| FLEEEEING.
  1641 | D:3      | 1641 ||| FLEEEEING.
  1642 | D:3      | 1642 ||| FLEEEEING.
  1644 | D:3      | 1644 ||| FLEEEEING.
  1645 | D:3      | 1645 ||| FLEEEEING.
  1652 | D:3      | 1652 ||| FLEEEEING.
  1658 | D:3      | 1658 ||| FLEEEEING.
  1664 | D:3      | HP: 3/28 [something/puff of flame (6)]
  1666 | D:3      | HP: 1/28 [orc/+0 dagger (1)]
  1671 | D:3      | Slain by an orc wizard

Levels and vault maps discovered:
D:1:      evilmike_arrival_crescent, layout_rooms, minmay_cut_off
D:2:      layout_basic, dk_noncrumbling_2
D:3:      layout_loops_corners, minmay_overflow_temple_star_quad,
          roderic_batcave, uniq_jessica, uniq_ijyb

Skill      XL: |  1  2  3 |
---------------+----------+-----
Ranged Weapons | 5 |  5.7
Fighting       | 3 |  3.1
Dodging        | |  1.5
Stealth        | |  1.1

Action                     |  1- 3 |  4- 6 || total
---------------------------+-------+-------++-------
   Fire: Shortbow          |   107 |    86 ||   193
    Use: Scroll            |     2 |     3 ||     5
         Potion            |       |     1 ||     1
 Armour: Leather armour    |    21 |    97 ||   118
  Dodge: Dodged            |    25 |    71 ||    96

Table legend:
 A = Non-vault XP
 B = Vault XP
 C = Vault XP percentage of total XP
 D = Non-vault monster count
 E = Vault monster count
 F = Vault count percentage of total count
                 A         B        C        D         E       F
            +---------+---------+-------+---------+---------+-------
      Total |     114 |      49 |  30.1 |      54 |      11 |  16.9
            +---------+---------+-------+---------+---------+-------
        D:1 |      25 |       2 |   7.4 |      17 |       2 |  10.5
        D:2 |      57 |       0 |   0.0 |      23 |       0 |   0.0
        D:3 |      32 |      47 |  59.5 |      14 |       9 |  39.1
            +---------+---------+-------+---------+---------+-------
